 Dungeon Crawl Stone Soup version 0.28-a0-919-g0b5b508569 (webtiles) character file.

Game seed: 12228510108264816098

176 enile the Firebug (level 5, -5/36 HPs)
             Began as an Octopode Fire Elementalist on Nov 25, 2021.
             Was a Priest of Nemelex Xobeh.
             Killed by an exploding orc (34 damage)
             ... ignited by their inner flame
             ... on level 4 of the Dungeon.
             The game lasted 00:07:40 (4442 turns).

enile the Firebug (Octopode Fire Elementalist)      Turns: 4442, Time: 00:07:40

Health: -5/36      AC:  1    Str:  8    XL:     5   Next: 56%
Magic:  3/9        EV: 13    Int: 18    God:    Nemelex Xobeh [***...]
Gold:   28         SH:  0    Dex: 12    Spells: 4/10 levels left

rFire   . . .      SeeInvis .   b - +0 short sword (flame)
rCold   . . .      Faith    .   (no shield)
rNeg    . . .      Spirit   .   (helmet restricted)
rPois   .          Reflect  .   (no amulet)
rElec   .          Harm     .   (no ring)
rCorr   .          Rampage  .   (no ring)
Will    .....                   (no ring)
Stlth   +++.......              (no ring)
HPRegen 0.12/turn               (no ring)
MPRegen 0.11/turn               (no ring)
                                (no ring)
                                (no ring)

@: very slightly contaminated
A: almost no armour, amphibious, 8 rings, camouflage 1, gelatinous body 1,
(nimble swimmer 1), tentacles
a: Renounce Religion, Draw Escape, Draw Destruction, Draw Summoning, Triple Draw


You were on level 4 of the Dungeon.
You worshipped Nemelex Xobeh.
Nemelex Xobeh was most pleased with you.
You visited 1 branch of the dungeon, and saw 4 of its levels.

You collected 81 gold pieces.
You spent 53 gold pieces at shops.

Inventory:

Hand Weapons
 b - a +0 short sword of flaming (weapon)
Scrolls
 e - a scroll of fog
 g - a scroll of silence {unknown}
 h - 2 scrolls of teleportation
 j - a scroll of fear
Potions
 a - a potion of brilliance {unknown}
 c - 2 potions of curing {unknown}
 d - a potion of invisibility {unknown}
 f - a potion of haste {unknown}
 i - a potion of flight {unknown}
 k - a potion of mutation


   Skills:
 - Level 3.0 Fighting
 - Level 3.0 Dodging
 - Level 2.6 Stealth
 - Level 3.0 Spellcasting
 - Level 2.0 Conjurations
 - Level 3.0 Fire Magic
 + Level 1.2 Invocations


You had 4 spell levels left.
You knew the following spells:

 Your Spells              Type           Power      Damage    Failure   Level
a - Foxfire               Conj/Fire      44%        2x1d6     6%          1
b - Scorch                Fire           26%        2d6       7%          2
c - Inner Flame           Hex/Fire       8%         N/A       26%         3

Your spell library contained the following spells:

 Spells                   Type           Power      Damage    Failure   Level
 Conjure Flame            Conj/Fire      11%        6-21      17%         3
 Flame Wave               Conj/Fire      11%        3d4       50%         4
 Summon Forest            Summ/Tloc      1%         N/A       99%         5
 Eringya's Noxious Bog    Tmut/Pois      1%         N/A       100%        6
 Summon Hydra             Summ           1%         N/A       100%        7


Dungeon Overview and Level Annotations

Branches:
Dungeon (4/15)
 Temple: D:4-7

Altars:
Nemelex Xobeh
The Shining One

Shops:
D:3 (**[*

Annotations:
D:3 3 runed translucent doors, timneilson's ghost, amateur GrFi


Innate Abilities, Weirdness & Mutations

You cannot wear most types of armour.
You are amphibious.
You can wear up to eight rings at the same time.
Your skin changes colour to match your surroundings (Stealth+).
Your rubbery body absorbs attacks. (AC +1, EV +1)
((You are camouflaged near water. (Stealth+)))
You have tentacles for arms and can constrict up to eight enemies at once.


Message History

You climb upwards.
Level annotation: 3 runed translucent doors, timneilson's ghost, amateur GrFi
There is a stone staircase leading down here.
This spell is quite dangerous to cast!
Memorise Inner Flame, consuming 3 spell levels and leaving 4?
You start memorising the spell.
You continue memorising. x2
Magic restored.
You continue memorising.
You finish memorising.
Spell assigned to 'c'.
You can't go up here!
You climb downwards.
The orc misses you.
There is a stone staircase leading up here.
Casting: Foxfire (safe; 6% risk of failure)
Confirm with . or Enter, or press ? or * to list all spells.
Aiming: Inner Flame (quite dangerous; 26% risk of failure)
Press: ? - help, Dir - move target, f - orc
Aim: an orc, wielding a +0 mace (chance to affect: 71%)
You miscast Inner Flame.
You are very lightly contaminated with residual magic.
Nothing appears to happen.
Casting: Inner Flame (quite dangerous; 26% risk of failure)
Confirm with . or Enter, or press ? or * to list all spells.
Aiming: Inner Flame (quite dangerous; 26% risk of failure)
Press: ? - help, Dir - move target, f/p - orc
Aim: an orc, wielding a +0 mace (chance to affect: 71%)
The orc is filled with an inner flame.
The orc priest mumbles some strange prayers to Beogh against you.
Pain shoots through your body! The orc hits you with a +0 club.
You hit the orc.
Flame seeps out of the orc.
You burn the orc.
Flame seeps out of the orc.
You grab the orc.
The orc is heavily wounded.
You constrict the orc.
Flame seeps out of the orc.
The orc is engulfed in blazing flames.
The orc explodes!
The fiery explosion engulfs the orc!!
You kill the orc!
The fiery explosion engulfs you!!
Ouch! That really hurt!
You die...
Your body glows slightly and disappears.

.... +.....#
.... #.....#
.... #.....#
>o. #.....#
#.. #.....#
####..##.....#
.............#
........)o§$.#
###...##@○§..#
### #§§##.#
#### #


You could see an orc priest and an orc wizard.

Vanquished Creatures
  A crimson imp (D:3)
  Jessica (D:2)
  A gnoll (D:1)
  3 adders (D:2)
  4 worms
  2 orcs (D:4)
  5 ball pythons
  7 endoplasms
  4 giant cockroaches
  6 goblins
  4 hobgoblins
  A quokka (D:1)
  6 bats
  8 frilled lizards
  A goblin skeleton (D:3)
  A goblin zombie (D:3)
  2 hobgoblin zombies (D:3)
  4 kobolds
  A kobold zombie (D:3)
  2 orc skeletons (D:3)
  3 orc zombies (D:3)
  8 rats
75 creatures vanquished.

Vanquished Creatures (others)
  55 foxfires
  2 fungi (D:3)
  2 plants (D:3)
59 creatures vanquished.

Grand Total: 134 creatures vanquished

Notes
Turn   | Place    | Note
-------+----------+-------------------------------------------
     0 | D:1      | enile the Octopode Fire Elementalist began the quest for
                  | the Orb.
     0 | D:1      | Reached XP level 1. HP: 11/11 MP: 3/3
   102 | D:1      | Reached skill level 1 in Fighting
   102 | D:1      | Reached XP level 2. HP: 12/19 MP: 5/5
   102 | D:1      | Found a faded altar of an unknown god.
   130 | D:1      | Prayed at the altar of an unknown god.
   130 | D:1      | Became a worshipper of Nemelex Xobeh the Trickster
   130 | D:1      | Reached * piety under Nemelex Xobeh
   412 | D:1      | Received a gift from Nemelex Xobeh
   669 | D:1      | Reached XP level 3. HP: 20/24 MP: 6/6
  1027 | D:1      | Received a gift from Nemelex Xobeh
  1140 | D:1      | Learned a level 2 spell: Scorch
  1627 | D:2      | Reached XP level 4. HP: 11/29 MP: 7/7
  2085 | D:2      | Reached ** piety under Nemelex Xobeh
  2371 | D:2      | Received a gift from Nemelex Xobeh
  2403 | D:2      | Noticed Jessica
  2410 | D:2      | Killed Jessica
  2806 | D:2      | Reached XP level 5. HP: 14/35 MP: 3/9
  3114 | D:3      | Found Fyethrucu's Assorted Antiques.
  3122 | D:3      | Bought a scroll labelled EKLURY RENOEPP for 27 gold pieces
  3132 | D:3      | Found a glowing golden altar of the Shining One.
  3470 | D:3      | Found Reasoruph's Assorted Antiques.
  3660 | D:3      | Found a runed translucent gate.
  3660 | D:3      | Found a runed translucent gate.
  3660 | D:3      | Found a runed translucent gate.
  3660 | D:3      | Noticed timneilson's ghost (amateur GrFi)
  3662 | D:3      | Noticed a kobold brigand
  3725 | D:3      | Reached skill level 1 in Invocations
  3833 | D:3      | Found Magof's Assorted Antiques.
  3838 | D:3      | Bought a scroll labelled HEMAZE UFRI for 26 gold pieces
  3944 | D:3      | Found Gidargh's Armour Shoppe.
  4040 | D:3      | Found Xaqiogg's Antique Weapon Emporium.
  4328 | D:3      | Reached *** piety under Nemelex Xobeh
  4438 | D:3      | Learned a level 3 spell: Inner Flame
  4442 | D:4      | Killed by an exploding orc... ignited by their inner flame

Illustrated notes

Levels and vault maps discovered:
D:1:      zaba_arrival_water, layout_basic,
          hellmonk_ecumenical_altar_arch_garden
D:2:      layout_loops_ring, uniq_jessica
D:3:      layout_basic, nicolae_tso_besieged_by_evil,
          gammafunk_ghost_nasty_kobolds, serial_shops, nicolae_shop_statue_plus,
          shop, nicolae_square_shop, nicolae_diamond_shop, nicolae_shop_stone
D:4:      layout_gridville, uniq_duvessa

Skill      XL: |  1  2  3  4  5 |
---------------+----------------+-----
Fighting       | 1 2 3 |  3.0
Dodging        | 3 |  3.0
Conjurations   | 2 |  2.0
Spellcasting   | 3 |  3.0
Invocations    | 1 |  1.2
Stealth        | |  2.6
Fire Magic     | |  3.0

Action                   |  1- 3 |  4- 6 || total
-------------------------+-------+-------++-------
Melee: Unarmed           |    37 |       ||    37
       Tentacles         |    10 |    17 ||    27
       Constrict         |    17 |    21 ||    38
       Short sword       |    39 |    83 ||   122
 Cast: Foxfire           |    16 |    16 ||    32
       Scorch            |     5 |    16 ||    21
       Inner Flame       |       |     1 ||     1
Invok: Draw Summoning    |     1 |       ||     1
       Draw Destruction  |     1 |       ||     1
  Use: Potion            |     2 |       ||     2
       Scroll            |       |     6 ||     6
 Stab: Sleeping          |     6 |     7 ||    13
Armor: Skin              |     9 |     9 ||    18
Dodge: Dodged            |    64 |    52 ||   116

Table legend: (Time is in decaauts)
 A = Elapsed time spent in this place.
 B = Non-inter-level travel time spent in this place.
 C = Inter-level travel time spent in this place.
 D = Time resting spent in this place.
 E = Time spent auto-exploring this place.
 F = Levels seen in this place.
 G = Mean time per level.
                   A        B        C        D        E       F      G
               +--------+--------+--------+--------+--------+-----+--------+
         Total |   4454 |   4402 |     52 |      0 |   3828 |   4 | 1113.5 |
       Dungeon |   4454 |   4402 |     52 |      0 |   3828 |   4 | 1113.5 |
               +--------+--------+--------+--------+--------+-----+--------+

Top non-repeatable levels by time:
     D:2: 1692 daAuts
     D:1: 1427 daAuts
     D:3: 1322 daAuts
     D:4: 12 daAuts
